TOP OF THE 1ST |
Corpus Christi Hooks batting - Pitching for Arkansas Travelers : RHP Jason Smallwood
|
Pitching: RHP Jason Smallwood
|
|
Batting: RHB Ben Hoffman
|
0-0: Ball 1-0: Ground out 6-3 (Groundball, 6, EV 78.8 MPH)
|
Batting: LHB John Wagner
|
0-0: Ground out 6-3 (Groundball, 6, EV 86.9 MPH)
|
Batting: RHB Mark Cahill
|
0-0: Ball 1-0: Called Strike 1-1: Foul Ball, location: 2F 1-2: DOUBLE (Line Drive, 8LXD, EV 106.9 MPH)
|
Batting: RHB Bruce Bermudez
|
0-0: Hit by Pitch
|
Batting: LHB Chris Cabrera
|
0-0: Ball 1-0: Foul Ball, location: 2F 1-1: 3-RUN HOME RUN (Flyball, 89XD, EV 101.9 MPH), Distance : 407 ft
|
Batting: RHB Workneh Lagat
|
0-0: Ball 1-0: Ball 2-0: Ball 3-0: Base on Balls
|
Batting: RHB Masaru Konno
|
0-0: Called Strike Workneh Lagat steals 2nd base 0-1: Ground out 1-3 (Groundball, 13S, EV 71.2 MPH)
|
Top of the 1st over - 3 runs, 2 hits, 0 errors, 1 left on base; Corpus Christi 3 - Arkansas 0 |
BOTTOM OF THE 1ST |
Arkansas Travelers batting - Pitching for Corpus Christi Hooks : RHP Scott Spillman
|
Pitching: RHP Scott Spillman
|
|
Batting: RHB Jose Ramirez
|
0-0: Ball 1-0: Ball 2-0: Swinging Strike 2-1: SINGLE (Groundball, 56D, EV 103.8 MPH)
|
Batting: RHB Juan Montez
|
0-0: Called Strike Jose Ramirez steals 2nd base 0-1: Called Strike 0-2: Strikes out swinging
|
Batting: LHB Mark Reeg
|
0-0: Foul Ball, location: 2F 0-1: Ball Jose Ramirez steals 3rd base (no throw) 1-1: Foul Ball, location: 2F 1-2: SINGLE (Line Drive, 89S, EV 96.2 MPH) Jose Ramirez scores
|
Batting: SHB Mario Padron
|
0-0: Ball 1-0: Foul Ball, location: 2F 1-1: Ball 2-1: Swinging Strike 2-2: Foul Ball, location: 2F 2-2: Strikes out looking
|
Batting: RHB Ryuji Ito
|
0-0: Foul Ball, location: 2F 0-1: Foul Ball, location: 2F 0-2: Ball 1-2: Strikes out swinging
|
Bottom of the 1st over - 1 run, 2 hits, 0 errors, 1 left on base; Corpus Christi 3 - Arkansas 1 |
TOP OF THE 2ND |
Corpus Christi Hooks batting - Pitching for Arkansas Travelers : RHP Jason Smallwood
|
Batting: RHB Joel Vazquez
|
0-0: Called Strike 0-1: Swinging Strike 0-2: Ball 1-2: Strikes out swinging
|
Batting: RHB Ben Minge
|
0-0: Ball 1-0: Swinging Strike 1-1: Ball 2-1: Fly out, F8 (Flyball, 8RD, EV 98.1 MPH)
|
Batting: RHB Ben Hoffman
|
0-0: Foul Ball, location: 2F 0-1: Called Strike 0-2: Ball 1-2: Strikes out swinging
|
Top of the 2nd over - 0 runs, 0 hits, 0 errors, 0 left on base; Corpus Christi 3 - Arkansas 1 |
BOTTOM OF THE 2ND |
Arkansas Travelers batting - Pitching for Corpus Christi Hooks : RHP Scott Spillman
|
Batting: RHB Jimmy Buzard
|
0-0: Called Strike 0-1: Foul Ball, location: 2F 0-2: Ball 1-2: Ball 2-2: Foul Ball, location: 2F 2-2: Ball 3-2: Base on Balls
|
Batting: LHB Justin Balthazor
|
0-0: Ball 1-0: Called Strike 1-1: Ball 2-1: SINGLE (Groundball, 25, EV 76.9 MPH) (infield hit) Jimmy Buzard to second
|
Batting: RHB Timoleon Tsikouna
|
0-0: Ball 1-0: Called Strike 1-1: Ball 2-1: Foul Ball, location: 2F 2-2: Ball 3-2: Base on Balls Jimmy Buzard to third Justin Balthazor to second
|
Batting: LHB Barrfhionn O'Toole
|
0-0: Foul Ball, location: 2F 0-1: Foul Ball, location: 2F 0-2: SINGLE (Flyball, 89S, EV 91.2 MPH) Jimmy Buzard scores Justin Balthazor to third Timoleon Tsikouna to second
|
Batting: RHB Jose Ramirez
|
0-0: Foul Ball, location: 2F 0-1: Swinging Strike 0-2: SINGLE (Line Drive, 34, EV 96.2 MPH) Justin Balthazor scores Timoleon Tsikouna to third Barrfhionn O'Toole to second
|
Batting: RHB Juan Montez
|
0-0: Ball 1-0: Fly out, F7 (Flyball, 78M, EV 83.8 MPH)
|
Batting: LHB Mark Reeg
|
0-0: Called Strike 0-1: Ball 1-1: Called Strike 1-2: SINGLE (Groundball, 3D, EV 96.9 MPH) Timoleon Tsikouna scores Barrfhionn O'Toole to third Jose Ramirez to second
|
Batting: SHB Mario Padron
|
0-0: Called Strike 0-1: Foul Ball, location: 2F 0-2: Foul Ball, location: 2F 0-2: Ball 1-2: Ball 2-2: Ball 3-2: Base on Balls Barrfhionn O'Toole scores Jose Ramirez to third Mark Reeg to second
|
Pitching: RHP Elroy Meulenkamp
|
|
Batting: RHB Ryuji Ito
|
0-0: Foul Ball, location: 2F 0-1: Hit by Pitch Jose Ramirez scores Mark Reeg to third Mario Padron to second
|
Batting: RHB Jimmy Buzard
|
0-0: Foul Ball, location: 2F 0-1: Fly out, F9 (Flyball, 9LM, EV 88.8 MPH) Runner from 3rd tags up, SCORES, throw by RF Mario Padron to third
|
Batting: LHB Justin Balthazor
|
0-0: Called Strike 0-1: Ball 1-1: Ground out 4-3 (Groundball, 4, EV 84.4 MPH)
|
Bottom of the 2nd over - 6 runs, 4 hits, 0 errors, 2 left on base; Corpus Christi 3 - Arkansas 7 |
TOP OF THE 3RD |
Corpus Christi Hooks batting - Pitching for Arkansas Travelers : RHP Jason Smallwood
|
Batting: LHB John Wagner
|
0-0: Ball 1-0: Ball 2-0: Fly out, F7 (Flyball, 7D, EV 93.1 MPH)
|
Batting: RHB Mark Cahill
|
0-0: Called Strike 0-1: Foul Ball, location: 2F 0-2: Fly out, F6 (Popup, 6, EV 71.9 MPH)
|
Batting: RHB Bruce Bermudez
|
0-0: Ball 1-0: Called Strike 1-1: Swinging Strike 1-2: Strikes out looking
|
Top of the 3rd over - 0 runs, 0 hits, 0 errors, 0 left on base; Corpus Christi 3 - Arkansas 7 |
BOTTOM OF THE 3RD |
Arkansas Travelers batting - Pitching for Corpus Christi Hooks : RHP Elroy Meulenkamp
|
Batting: RHB Timoleon Tsikouna
|
0-0: Ball 1-0: Called Strike 1-1: Called Strike 1-2: SINGLE (Groundball, 34, EV 102.5 MPH)
|
Batting: LHB Barrfhionn O'Toole
|
0-0: Foul Ball, location: 2F 0-1: Fielders Choice at 2nd, 6-4 (Groundball, 6, EV 91.2 MPH)
|
Batting: RHB Jose Ramirez
|
0-0: Ball 1-0: Ball 2-0: Ball 3-0: Called Strike 3-1: Foul Ball, location: 2F 3-2: Foul Ball, location: 2F 3-2: SINGLE (Groundball, 6M, EV 82.5 MPH) (infield hit) Barrfhionn O'Toole to second
|
Batting: RHB Juan Montez
|
0-0: Foul Ball, location: 2F 0-1: Fielders Choice at 2nd, 6-4 (Groundball, 6M, EV 84.4 MPH) Barrfhionn O'Toole to third
|
Batting: LHB Mark Reeg
|
0-0: Ball 1-0: Foul Ball, location: 2F 1-1: Foul Ball, location: 2F 1-2: Ball 2-2: Foul Ball, location: 2F 2-2: Fielders Choice at 2nd, 5-4 (Groundball, 56, EV 83.1 MPH)
|
Bottom of the 3rd over - 0 runs, 2 hits, 0 errors, 2 left on base; Corpus Christi 3 - Arkansas 7 |
TOP OF THE 4TH |
Corpus Christi Hooks batting - Pitching for Arkansas Travelers : RHP Jason Smallwood
|
Batting: LHB Chris Cabrera
|
0-0: Ball 1-0: Foul Ball, location: 2F 1-1: Called Strike 1-2: Strikes out looking
|
Batting: RHB Workneh Lagat
|
0-0: Ground out 4-3 (Groundball, 34, EV 80.0 MPH)
|
Batting: RHB Masaru Konno
|
0-0: Ball 1-0: Ball 2-0: Ball 3-0: Base on Balls
|
Batting: RHB Joel Vazquez
|
0-0: Called Strike 0-1: Ball 1-1: Foul Ball, location: 2F 1-2: Strikes out swinging
|
Top of the 4th over - 0 runs, 0 hits, 0 errors, 1 left on base; Corpus Christi 3 - Arkansas 7 |
BOTTOM OF THE 4TH |
Arkansas Travelers batting - Pitching for Corpus Christi Hooks : RHP Elroy Meulenkamp
|
Batting: SHB Mario Padron
|
0-0: Called Strike 0-1: Ball 1-1: Ball 2-1: Ball 3-1: Foul Ball, location: 2F 3-2: SINGLE (Groundball, 4D, EV 99.4 MPH)
|
Batting: RHB Ryuji Ito
|
0-0: Ball Mario Padron steals 2nd base 1-0: Called Strike 1-1: Called Strike 1-2: Foul Ball, location: 2F 1-2: Ball 2-2: Strikes out swinging
|
Batting: RHB Jimmy Buzard
|
0-0: Ball Mario Padron steals 3rd base 1-0: Called Strike 1-1: Foul Ball, location: 2F 1-2: Strikes out swinging
|
Batting: LHB Justin Balthazor
|
0-0: Ball 1-0: Ball 2-0: Foul Ball, location: 2F 2-1: Fly out, F8 (Flyball, 89M, EV 92.5 MPH)
|
Bottom of the 4th over - 0 runs, 1 hit, 0 errors, 1 left on base; Corpus Christi 3 - Arkansas 7 |
TOP OF THE 5TH |
Corpus Christi Hooks batting - Pitching for Arkansas Travelers : RHP Jason Smallwood
|
Batting: RHB Ben Minge
|
0-0: Ground out 6-3 (Groundball, 6, EV 105.6 MPH)
|
Batting: RHB Ben Hoffman
|
0-0: Called Strike 0-1: Ball 1-1: Ball 2-1: Ball 3-1: Ground out 5-3 (Groundball, 25, EV 81.9 MPH)
|
Batting: LHB John Wagner
|
0-0: Called Strike 0-1: Foul Ball, location: 2F 0-2: Strikes out swinging
|
Top of the 5th over - 0 runs, 0 hits, 0 errors, 0 left on base; Corpus Christi 3 - Arkansas 7 |
BOTTOM OF THE 5TH |
Arkansas Travelers batting - Pitching for Corpus Christi Hooks : RHP Elroy Meulenkamp
|
Batting: RHB Timoleon Tsikouna
|
0-0: Called Strike 0-1: Ball 1-1: Called Strike 1-2: Ball 2-2: Strikes out looking
|
Batting: LHB Barrfhionn O'Toole
|
0-0: Ball 1-0: Ground out 4-3 (Groundball, 4, EV 93.8 MPH)
|
Batting: RHB Jose Ramirez
|
0-0: Ball 1-0: Foul Ball, location: 2F 1-1: Called Strike 1-2: Strikes out swinging
|
Bottom of the 5th over - 0 runs, 0 hits, 0 errors, 0 left on base; Corpus Christi 3 - Arkansas 7 |
TOP OF THE 6TH |
Corpus Christi Hooks batting - Pitching for Arkansas Travelers : RHP Jason Smallwood
|
Batting: RHB Mark Cahill
|
0-0: Ball 1-0: Ground out 4-3 (Groundball, 4, EV 105.6 MPH)
|
Batting: RHB Bruce Bermudez
|
0-0: Called Strike 0-1: Foul Ball, location: 2F 0-2: Ball 1-2: Ground out 5-3 (Groundball, 56, EV 85.6 MPH)
|
Batting: LHB Chris Cabrera
|
0-0: Ball 1-0: Ball 2-0: Called Strike 2-1: Swinging Strike 2-2: Ball 3-2: Foul Ball, location: 2F 3-2: Foul Ball, location: 2F 3-2: Strikes out looking
|
Top of the 6th over - 0 runs, 0 hits, 0 errors, 0 left on base; Corpus Christi 3 - Arkansas 7 |
BOTTOM OF THE 6TH |
Arkansas Travelers batting - Pitching for Corpus Christi Hooks : RHP Elroy Meulenkamp
|
Pitching: LHP Blaine Whitmore
|
|
Batting: RHB Juan Montez
|
0-0: Foul Ball, location: 2F 0-1: Called Strike 0-2: Foul Ball, location: 2F 0-2: SINGLE (Line Drive, 9LS, EV 100.0 MPH)
|
Batting: LHB Mark Reeg
|
0-0: Ball 1-0: Ball 2-0: Foul Ball, location: 2F 2-1: Swinging Strike 2-2: Strikes out looking Juan Montez steals 2nd base Batter strikes out.
|
Batting: SHB Mario Padron
|
Balk! Juan Montez to third 0-0: Ball 1-0: Foul Ball, location: 2F 1-1: Foul Ball, location: 2F 1-2: Ball 2-2: Foul Ball, location: 2F 2-2: Strikes out swinging
|
Batting: RHB Ryuji Ito
|
0-0: Called Strike 0-1: Ball 1-1: Called Strike 1-2: Ball 2-2: Ball 3-2: SINGLE (Groundball, 5L, EV 98.8 MPH) Juan Montez scores
|
Batting: RHB Jimmy Buzard
|
0-0: Ball Wild Pitch! Ryuji Ito to second 1-0: Ball 2-0: Ball 3-0: Base on Balls
|
Batting: LHB Justin Balthazor
|
0-0: Called Strike 0-1: Ball 1-1: Ground out U3 (Groundball, 3, EV 89.4 MPH)
|
Bottom of the 6th over - 1 run, 2 hits, 0 errors, 2 left on base; Corpus Christi 3 - Arkansas 8 |
TOP OF THE 7TH |
Corpus Christi Hooks batting - Pitching for Arkansas Travelers : RHP Jason Smallwood
|
Batting: RHB Workneh Lagat
|
0-0: Foul Ball, location: 2F 0-1: Ball 1-1: Ball 2-1: Ground out 6-3 (Groundball, 6M, EV 100.6 MPH)
|
Batting: RHB Masaru Konno
|
0-0: SINGLE (Groundball, 5S, EV 66.2 MPH) (infield hit)
|
Pinch Hitting: LHB Bob Dietz
|
0-0: Called Strike Masaru Konno steals 2nd base 0-1: Ground out 6-3 (Groundball, 56D, EV 105.0 MPH)
|
Batting: RHB Ben Minge
|
0-0: Ball 1-0: Ball 2-0: Swinging Strike 2-1: Foul Ball, location: 2F 2-2: Strikes out swinging
|
Top of the 7th over - 0 runs, 1 hit, 0 errors, 1 left on base; Corpus Christi 3 - Arkansas 8 |
BOTTOM OF THE 7TH |
Arkansas Travelers batting - Pitching for Corpus Christi Hooks : LHP Blaine Whitmore
|
Now at 2B: Bob Dietz
|
|
Batting: RHB Timoleon Tsikouna
|
0-0: Swinging Strike 0-1: Foul Ball, location: 2F 0-2: Ball 1-2: Strikes out swinging
|
Batting: LHB Barrfhionn O'Toole
|
0-0: Ball 1-0: Ball 2-0: Called Strike 2-1: Ball 3-1: Called Strike 3-2: Base on Balls
|
Pitching: LHP Miguel Yepez
|
|
Batting: RHB Jose Ramirez
|
0-0: Ball Barrfhionn O'Toole steals 2nd base 1-0: Called Strike Barrfhionn O'Toole steals 3rd, throwing error, E2 Barrfhionn O'Toole scores 1-1: Ground out 4-3 (Groundball, 4MD, EV 93.8 MPH)
|
Batting: RHB Juan Montez
|
0-0: Called Strike 0-1: Ball 1-1: Ground out 3-1 (Groundball, 34S, EV 80.0 MPH)
|
Bottom of the 7th over - 1 run, 0 hits, 1 error, 0 left on base; Corpus Christi 3 - Arkansas 9 |
TOP OF THE 8TH |
Corpus Christi Hooks batting - Pitching for Arkansas Travelers : RHP Jason Smallwood
|
Batting: RHB Ben Hoffman
|
0-0: Called Strike 0-1: Foul Ball, location: 2F 0-2: SINGLE (Flyball, 8RS, EV 88.1 MPH)
|
Batting: LHB John Wagner
|
0-0: Ball 1-0: Ball 2-0: Called Strike 2-1: Called Strike 2-2: Strikes out swinging
|
Pitching: RHP Humberto Paniagua
|
|
Batting: RHB Mark Cahill
|
0-0: Called Strike 0-1: Ball 1-1: Ball 2-1: Ball 3-1: Fielders Choice at 2nd, 6-4 (Groundball, 6, EV 101.9 MPH)
|
Batting: RHB Bruce Bermudez
|
0-0: Called Strike 0-1: Foul Ball, location: 2F 0-2: Fly out, F8 (Flyball, 8RD, EV 101.2 MPH)
|
Top of the 8th over - 0 runs, 1 hit, 0 errors, 1 left on base; Corpus Christi 3 - Arkansas 9 |
BOTTOM OF THE 8TH |
Arkansas Travelers batting - Pitching for Corpus Christi Hooks : LHP Miguel Yepez
|
Batting: LHB Mark Reeg
|
0-0: Ground out 3-1 (Groundball, 34, EV 78.8 MPH)
|
Batting: SHB Mario Padron
|
0-0: Called Strike 0-1: Foul Ball, location: 2F 0-2: Strikes out looking
|
Batting: RHB Ryuji Ito
|
0-0: Ball 1-0: Ball 2-0: Called Strike 2-1: Foul Ball, location: 2F 2-2: Strikes out swinging
|
Bottom of the 8th over - 0 runs, 0 hits, 0 errors, 0 left on base; Corpus Christi 3 - Arkansas 9 |
TOP OF THE 9TH |
Corpus Christi Hooks batting - Pitching for Arkansas Travelers : RHP Humberto Paniagua
|
Batting: LHB Chris Cabrera
|
0-0: Ball 1-0: Called Strike 1-1: Fly out, F6 (Popup, 6, EV 78.8 MPH)
|
Batting: RHB Workneh Lagat
|
0-0: Called Strike 0-1: Ball 1-1: Called Strike 1-2: Strikes out swinging
|
Batting: RHB Masaru Konno
|
0-0: Ball 1-0: Called Strike 1-1: Ball 2-1: Fly out, F8 (Flyball, 89M, EV 88.1 MPH)
|
Top of the 9th over - 0 runs, 0 hits, 0 errors, 0 left on base; Corpus Christi 3 - Arkansas 9 |
|